 Dungeon Crawl Stone Soup version 0.23.2-1-ga50397a (webtiles) character file.

Game seed: 1316817595864220509

259 Wander the Changer (level 6, -2/44 HPs)
             Began as a Human Wanderer on Apr 30, 2019.
             Was a Believer of Cheibriados.
             Slain by a phantom (7 damage)
             ... on level 4 of the Dungeon.
             The game lasted 00:15:03 (4331 turns).

Wander the Changer (Human Wanderer)                 Turns: 4331, Time: 00:15:04

Health: -2/44      AC:  2    Str: 13    XL:     6   Next: 40%
Magic:  2/9        EV: 17    Int: 15    God:    Cheibriados [**....]
Gold:   239        SH:  0    Dex: 32    Spells: 0/9 levels left

rFire    . . .     SeeInvis .     - Unarmed
rCold    + . .     Gourm    .   (shield currently unavailable)
rNeg     . . .     Faith    .   (armour currently unavailable)
rPois    x         Spirit   .   (helmet currently unavailable)
rElec    .         Reflect  .   (cloak currently unavailable)
rCorr    .         Harm     .   (gloves currently unavailable)
MR       .....                  (boots currently unavailable)
Stlth    +++.......             (no amulet)
HPRegen  0.14/turn              b - +4 ring of dexterity
MPRegen  0.11/turn              q - ring of protection from cold

@: spider-form, very slightly contaminated, very slow
A: tiny, agile 1, blink, weak 1
a: End Transformation, Blink, Bend Time, Renounce Religion


You were on level 4 of the Dungeon.
You worshipped Cheibriados.
Cheibriados was pleased with you.
You were very hungry.
You were a venomous arachnid creature.
You visited 1 branch of the dungeon, and saw 4 of its levels.

You collected 239 gold pieces.

Inventory:

Missiles
 j - 3 curare-tipped needles
 r - 28 arrows
Armour
 c - a +0 buckler
 d - a +0 robe (melded)
 i - a +0 cloak (melded)
Jewellery
 b - a +4 ring of dexterity (left front leg)
 q - a ring of protection from cold (right front leg)
Wands
 w - a wand of clouds (7)
Scrolls
 k - a scroll of remove curse {unknown}
 l - a scroll of immolation {unknown}
 m - 2 scrolls of enchant weapon {unknown}
 o - 6 scrolls of identify {unknown}
 p - 3 scrolls of teleportation {unknown}
 s - 2 scrolls of blinking {unknown}
 t - 2 scrolls of noise {unknown}
 u - a scroll of fear {unknown}
 v - a scroll of random uselessness {unknown}
 x - a scroll of amnesia {unknown}
Potions
 a - a potion of ambrosia {unknown}
 e - 2 potions of cancellation {unknown}
 g - a potion of agility {unknown}
 h - 2 potions of haste {unknown}
 n - 2 potions of lignification {unknown}
Comestibles
 f - 6 rations


   Skills:
 - Level 2.0 Fighting
 - Level 2.0 Stealth
 - Level 1.0 Shields
 - Level 2.0 Unarmed Combat
 - Level 2.0 Spellcasting
 * Level 5.3 Transmutations
 + Level 2.3 Poison Magic


You couldn't memorise any spells.
You knew the following spells:

 Your Spells              Type           Power        Failure   Level  Hunger
a - Beastly Appendage     Tmut           ###...       10%         1    #......
b - Spider Form           Tmut/Pois      ##........   32%         3    ###....
c - Blade Hands           Tmut           ###.......   77%         5    ######.

Your spell library contained the following spells:

 Spells                   Type           Power        Failure   Level  Hunger
 Sticks to Snakes         Tmut           ###.....     12%         2    ###....
 Ice Form                 Ice/Tmut       #.......     78%         4    #####..


Dungeon Overview and Level Annotations

Branches:
Dungeon (4/15)
 Temple: D:4-7

Altars:
Cheibriados
Zin


Innate Abilities, Weirdness & Mutations

You are agile. (Dex +2)
You can translocate small distances at will.
You are weak. (Str -2)


Message History

The phantom hits you.
You hit the phantom but do no damage.
The phantom is heavily damaged.
The phantom hits you!
* * * LOW HITPOINT WARNING * * *
You hit the phantom.
The phantom is heavily damaged.
The phantom blinks!
You hit the phantom.
The phantom is severely damaged.
The phantom hits you.
* * * LOW HITPOINT WARNING * * *
You bite the phantom!
The phantom is almost destroyed.
The phantom misses you.
You are feeling very hungry.
You hit the phantom but do no damage.
The phantom is almost destroyed.
The phantom hits you!
You die...

## # .#######
#.### ........
....### ....####
#...## . . ##
#...W##.## ##<
##.s..#..# #.#
##...##.# ##. .
##...#.## ##
#..###.#..# #
####.....#..#
##..####.....#
###
#.....######.#
#..
##...####.#..##.#
#.#
##.#.....>.....#
#.#


You could see a phantom.

Vanquished Creatures
  3 orc wizards (D:3)
  9 adders
  An ooze (D:1)
  An adder skeleton (D:4)
  2 worms (D:2)
  3 dart slugs
  2 leopard geckos
  7 orcs (D:3)
  3 ball pythons (D:3)
  5 giant cockroaches
  8 hobgoblins
  3 quokkas
  6 bats
  A frilled lizard (D:2)
  10 goblins
  A kobold (D:1)
  11 rats
76 creatures vanquished.

Notes
Turn   | Place    | Note
-------+----------+-------------------------------------------
     0 | D:1      | Wander the Human Wanderer began the quest for the Orb.
     0 | D:1      | Wander set off with the following items: a +0 falchion, a
                  | +0 buckler, a +0 robe, a +0 dagger, a ration; and the
                  | following spell memorised: Beastly Appendage; and the
                  | following spells available to memorise: Sticks to Snakes,
                  | Spider Form, Ice Form, Blade Hands
     0 | D:1      | Reached XP level 1. HP: 16/16 MP: 3/3
   110 | D:1      | Reached XP level 2. HP: 13/22 MP: 5/5
   114 | D:1      | Reached skill level 2 in Transmutations
   837 | D:1      | Reached XP level 3. HP: 22/27 MP: 6/6
  1096 | D:1      | Learned a level 3 spell: Spider Form
  1129 | D:2      | Reached skill level 3 in Transmutations
  1202 | D:2      | Found a snail-covered altar of Cheibriados.
  1231 | D:2      | Became a worshipper of Cheibriados the Contemplative
  1433 | D:2      | Reached XP level 4. HP: 28/33 MP: 4/7
  1466 | D:2      | Gained mutation: You are partially covered in icy blue
                  | scales. (AC +2) [potion of mutation]
  1466 | D:2      | Gained mutation: Your flesh is heat resistant. (rF+)
                  | [potion of mutation]
  1466 | D:2      | Gained mutation: Your body sometimes deteriorates upon
                  | taking damage. [potion of mutation]
  1466 | D:2      | Gained mutation: You are agile. (Dex +2) [potion of
                  | mutation]
  1649 | D:2      | Lost mutation: Your flesh is heat resistant. (rF+) [potion
                  | of mutation]
  1649 | D:2      | Lost mutation: Your body sometimes deteriorates upon taking
                  | damage. [potion of mutation]
  1649 | D:2      | Lost mutation: You are agile. (Dex +2) [potion of mutation]
  1649 | D:2      | Lost mutation: You are partially covered in icy blue
                  | scales. (AC +2) [potion of mutation]
  1649 | D:2      | Gained mutation: Your mind is acute. (Int +2) [potion of
                  | mutation]
  1649 | D:2      | Gained mutation: You are clumsy. (Dex -2) [potion of
                  | mutation]
  1649 | D:2      | Gained mutation: You are frail. (-10% HP) [potion of
                  | mutation]
  1649 | D:2      | Gained mutation: You have sharp fingernails. [potion of
                  | mutation]
  1650 | D:2      | Lost mutation: You are frail. (-10% HP) [potion of
                  | mutation]
  1650 | D:2      | Lost mutation: You are clumsy. (Dex -2) [potion of
                  | mutation]
  1650 | D:2      | Lost mutation: Your mind is acute. (Int +2) [potion of
                  | mutation]
  1650 | D:2      | Gained mutation: You are resistant to hostile enchantments.
                  | (MR+) [potion of mutation]
  1650 | D:2      | Gained mutation: Your muscles are strong. (Str +2) [potion
                  | of mutation]
  2040 | D:2      | Reached skill level 4 in Transmutations
  2232 | D:2      | Lost mutation: You have sharp fingernails. [potion of
                  | mutation]
  2232 | D:2      | Lost mutation: You are resistant to hostile enchantments.
                  | (MR+) [potion of mutation]
  2232 | D:2      | Lost mutation: Your muscles are strong. (Str +2) [potion of
                  | mutation]
  2232 | D:2      | Gained mutation: You possess an exceptional clarity of
                  | mind. [potion of mutation]
  2232 | D:2      | Gained mutation: You are weak. (Str -2) [potion of
                  | mutation]
  2232 | D:2      | Gained mutation: You expend magic power (3 MP) to
                  | strengthen your wands. [potion of mutation]
  2233 | D:2      | Lost mutation: You possess an exceptional clarity of mind.
                  | [potion of mutation]
  2233 | D:2      | Lost mutation: You expend magic power (3 MP) to strengthen
                  | your wands. [potion of mutation]
  2233 | D:2      | Gained mutation: You are agile. (Dex +2) [potion of
                  | mutation]
  2233 | D:2      | Gained mutation: You can translocate small distances at
                  | will. [potion of mutation]
  2281 | D:2      | Reached skill level 1 in Poison Magic
  2370 | D:3      | Reached * piety under Cheibriados
  2370 | D:3      | Reached XP level 5. HP: 34/38 MP: 2/8
  2904 | D:3      | Found a glowing drain.
  3127 | D:3      | Reached XP level 6. HP: 34/44 MP: 7/9
  3305 | D:3      | Reached skill level 5 in Transmutations
  3310 | D:3      | Reached ** piety under Cheibriados
  3325 | D:3      | Learned a level 5 spell: Blade Hands
  4106 | D:4      | Found a glowing silver altar of Zin.
  4308 | D:4      | Noticed a phantom
  4331 | D:4      | Slain by a phantom

Skill      XL: |  1  2  3  4  5  6 |
---------------+-------------------+-----
Transmutations | 2 3 4 5 |  5.3
Poison Magic   | 1 2 |  2.3
Fighting       | |  2.0
Stealth        | |  2.0
Shields        | |  1.0
Unarmed Combat | |  2.0
Spellcasting   | |  2.0

Action                   |  1- 3 |  4- 6 || total
-------------------------+-------+-------++-------
Melee: Falchion          |    59 |       ||    59
       Unarmed           |    22 |   192 ||   214
       Punch             |     1 |     1 ||     2
 Cast: Spider Form       |     5 |    14 ||    19
       Beastly Appendage |       |     2 ||     2
 Abil: Blink             |       |     1 ||     1
  Use: Potion            |       |     7 ||     7
 Stab: Sleeping          |     2 |     8 ||    10
  Eat: Chunk             |     2 |     8 ||    10
Armor: Robe              |    20 |    38 ||    58
       Skin              |     4 |     4 ||     8
Dodge: Dodged            |    53 |   127 ||   180
Block: Buckler           |     7 |       ||     7
       Rpst.: Falchion   |    12 |       ||    12
